 Dungeon Crawl Stone Soup version 0.21.1-1-g345015f (webtiles) character file.

10760 HammerPanzer the Bludgeoner (level 11, -4/157 HPs)
             Began as a Minotaur Berserker on Mar 31, 2018.
             Was a High Priest of Trog.
             Slain by a yak (10 damage)
             ... on level 9 of the Dungeon.
             The game lasted 00:33:04 (9481 turns).

HammerPanzer the Bludgeoner (Minotaur Berserker)    Turns: 9481, Time: 00:33:04

Health: -4/157     AC: 16    Str: 28    XL:     11   Next: 40%
Magic:  3/3        EV:  8    Int:  5    God:    Trog [*****.]
Gold:   536        SH:  0    Dex: 14    Spells: 10/10 levels left

rFire    . . .     SeeInvis .   P - +3 great mace (antimagic)
rCold    . . .     Gourm    .   (shield currently unavailable)
rNeg     . . .     Faith    .   e - +0 plate armour
rPois    .         Spirit   .   (helmet restricted)
rElec    .         Reflect  .   o - +2 cloak
rCorr    .         Harm     .   n - +0 pair of gloves
MR       +....                  K - +0 pair of boots
Stlth    ..........             (no amulet)
HPRegen  0.36/turn              l - ring of protection from magic
MPRegen  0.08/turn              B - +3 ring of dexterity

@: berserking, lethally poisoned (-4 -> -15), slowed
A: retaliatory headbutt, horns 2
a: Berserk, Trog's Hand, Brothers in Arms, Burn Spellbooks, Renounce Religion


You were on level 9 of the Dungeon.
You worshipped Trog.
Trog was extremely pleased with you.
You were hungry.

You visited 1 branch of the dungeon, and saw 11 of its levels.

You collected 536 gold pieces.

Inventory:

Hand Weapons
 L - a +2 dire flail of holy wrath
 P - a +3 antimagic great mace (weapon)
Missiles
 O - 7 steel javelins (quivered)
Armour
 e - a +0 plate armour (worn)
 n - a +0 pair of gloves (worn)
 o - a +2 cloak (worn)
 t - +1 ice dragon scales
 G - +0 steam dragon scales
 K - a +0 pair of boots (worn)
Jewellery
 l - a ring of protection from magic (left hand)
 s - an uncursed ring of ice
 u - an uncursed ring of fire
 B - a +3 ring of dexterity (right hand)
Wands
 d - a wand of random effects (47)
 x - a wand of acid (28)
 y - a wand of flame (3)
 D - a wand of iceblast (10)
 F - a wand of clouds (4)
 I - a wand of digging (14)
 N - a wand of disintegration (8)
Scrolls
 a - a scroll of fog
 k - 7 scrolls of remove curse
 m - a scroll of blinking
 q - 5 scrolls of teleportation
 r - 2 scrolls of enchant weapon
 v - a scroll of identify
 E - a scroll of acquirement {unknown}
 M - a scroll of fear {unknown}
Potions
 b - 6 potions of curing
 f - 4 potions of mutation
 g - a potion of experience
 h - 2 potions of heal wounds
 i - a potion of brilliance
 j - 5 potions of agility
 p - 3 potions of cancellation
 w - 3 potions of flight
 z - a potion of ambrosia {unknown}
 A - a potion of might {unknown}
 C - 2 potions of haste
 H - a potion of degeneration {unknown}
Comestibles
 c - 11 rations
 J - 4 chunks of flesh


   Skills:
 + Level 12.7 Fighting
 * Level 16.7 Maces & Flails
 - Level 2.4 Armour
 - Level 2.1 Dodging


You had 10 spell levels left.
You didn't know any spells.

Dungeon Overview and Level Annotations

Branches:
Dungeon (11/15)            Temple (0/1) D:5
   Lair: D:8-11         Orc: D:9-12

Altars:
Cheibriados
Dithmenos
Fedhas
Gozag
Hepliaklqana
Kikubaaqudgha
Nemelex Xobeh
Qazlal
Ru
Trog
Uskayaw
Yredelemnul
Zin

Shops:
D:10 (


Innate Abilities, Weirdness & Mutations

You reflexively headbutt those who attack you in melee.
You have a pair of horns on your head.


Message History

You feel sick. The yak completely misses you.
You hit the yak. Your headbutt misses the yak.
The yak is severely wounded.
* * * LOW HITPOINT WARNING * * *
You feel sick. The yak gores you.
* * * LOW HITPOINT WARNING * * *
The yak closely misses you.
You are too berserk!
You bludgeon the yak!!
You kill the yak!
Trog accepts your kill.
* * * LOW HITPOINT WARNING * * *
You feel sick. The yak gores you but does no damage.
Your plate armour prevents you from hitting the yak.
* * * LOW HITPOINT WARNING * * *
You feel sick. The yak gores you but does no damage.
You closely miss the yak.
* * * LOW HITPOINT WARNING * * *
You feel sick. The yak gores you!
You die...

#................###..
#..<.............#.[..
#................#....
#.........(......#....
#................#....
#................#....
########................##...
#.......####'###############'
#.....#.....@...#.......#..>.
#[....#.....Y...'..)....#....
#.....#.........#.......#....
#.....#...##.<.##.|##...###..
#.....'...##...###'####+###..
#.....#......................
#.....#[..##.................
############...)..........[..
#..................


You could see a yak.

Vanquished Creatures
  Harold (D:10)
  2 two-headed ogres
  A cyclops (D:11)
  A centaur skeleton (D:11)
  2 trolls (D:11)
  4 hippogriffs
  A hornet (D:9)
  2 yaks (D:9)
  A wraith (D:10)
  2 wyverns (D:11)
  Eustachio (D:4)
  3 steam dragons (D:7)
  Duvessa (D:7)
  2 water moccasins
  A sky beast (D:6)
  5 ice beasts
  4 orc warriors
  A necrophage (D:6)
  5 centaurs
  6 ogres
  2 phantoms
  A crocodile (D:9)
  2 big kobolds
  3 bullfrogs
  A wyvern zombie (D:7)
  Dowan (D:7)
  A scorpion (D:9)
  10 killer bees
  4 wights (D:11)
  2 howler monkeys
  9 crimson imps
  4 bullfrog zombies
  3 quasits
  A bullfrog skeleton (D:11)
  4 hounds
  2 jellies
  A gnoll shaman (D:3)
  7 orc priests
  2 iguanas
  Crazy Yiuf (D:2)
  5 orc wizards
  Ijyb (D:4)
  6 worker ants
  A killer bee zombie (D:5)
  A howler monkey zombie (D:7)
  A worker ant zombie (D:5)
  12 gnolls
  14 adders
  A howler monkey skeleton (D:9)
  6 shadow imps
  A white imp (D:10)
  2 oozes (D:1)
  4 adder skeletons
  3 worms
  3 dart slugs
  11 leopard geckos
  26 orcs
  7 bats
  10 giant cockroaches
  10 goblins
  7 hobgoblins
  10 jackals
  21 kobolds
  3 quokkas
  2 ball pythons
  8 frilled lizards
  6 rats
289 creatures vanquished.

Notes
Turn   | Place    | Note
-------+----------+-------------------------------------------
     0 | D:1      | HammerPanzer the Minotaur Berserker began the quest for the Orb.
     0 | D:1      | Reached XP level 1. HP: 19/19 MP: 0/0
    28 | D:1      | Reached skill level 4 in Maces & Flails
   198 | D:1      | Reached XP level 2. HP: 27/27 MP: 1/1
   609 | D:1      | Reached XP level 3. HP: 25/33 MP: 2/2
   899 | D:2      | Reached ** piety under Trog
   938 | D:2      | Found a bloodstained altar of Trog.
   949 | D:2      | Reached skill level 5 in Maces & Flails
  1092 | D:2      | Found a shadowy altar of Dithmenos.
  1180 | D:2      | Reached XP level 4. HP: 41/41 MP: 3/3
  1280 | D:2      | Found a runed door.
  1285 | D:2      | Noticed Crazy Yiuf
  1289 | D:2      | Killed Crazy Yiuf
  1670 | D:3      | Found a hazy altar of Hepliaklqana.
  1707 | D:3      | Reached skill level 5 in Fighting
  1707 | D:3      | Reached skill level 6 in Maces & Flails
  1707 | D:3      | Reached XP level 5. HP: 48/48 MP: 4/4
  1859 | D:3      | Found a sparkling altar of Nemelex Xobeh.
  1869 | D:3      | Found a basalt altar of Yredelemnul.
  1878 | D:3      | Found a sacrificial altar of Ru.
  1878 | D:3      | Found a blossoming altar of Fedhas.
  1881 | D:3      | Found a snail-covered altar of Cheibriados.
  2221 | D:3      | Found a hide-covered altar of Uskayaw.
  2441 | D:3      | Reached *** piety under Trog
  2731 | D:4      | Found a stormy altar of Qazlal.
  2731 | D:4      | Found an ancient bone altar of Kikubaaqudgha.
  2983 | D:4      | Reached skill level 7 in Maces & Flails
  2983 | D:4      | Reached XP level 6. HP: 56/56 MP: 5/5
  3349 | D:4      | Noticed Ijyb
  3362 | D:4      | Killed Ijyb
  3378 | D:4      | Noticed Eustachio
  3384 | D:4      | Killed Eustachio
  3384 | D:4      | Reached skill level 8 in Maces & Flails
  3384 | D:4      | Reached XP level 7. HP: 64/64 MP: 6/6
  3722 | D:5      | Entered Level 5 of the Dungeon
  3838 | D:5      | Reached skill level 9 in Maces & Flails
  4074 | D:5      | Found a staircase to the Ecumenical Temple.
  4253 | D:6      | Reached **** piety under Trog
  4253 | D:6      | Reached XP level 8. HP: 67/73 MP: 7/7
  4309 | D:6      | Reached skill level 10 in Maces & Flails
  4705 | D:6      | Reached skill level 11 in Maces & Flails
  5360 | D:7      | Reached XP level 9. HP: 60/81 MP: 8/8
  5372 | D:7      | Reached skill level 12 in Maces & Flails
  5586 | D:7      | Reached ***** piety under Trog
  5757 | D:7      | Noticed Duvessa
  5764 | D:7      | Noticed Dowan
  5781 | D:7      | Killed Duvessa
  5793 | D:7      | Killed Dowan
  5867 | D:7      | Reached skill level 13 in Maces & Flails
  6025 | D:7      | Reached skill level 10 in Fighting
  6510 | D:8      | Noticed an angel
  6511 | D:8      | Found a glowing silver altar of Zin.
  6537 | D:8      | Found a basalt altar of Yredelemnul.
  6748 | D:8      | Reached XP level 10. HP: 77/93 MP: 9/9
  6841 | D:8      | Reached skill level 14 in Maces & Flails
  7027 | D:8      | Noticed a two-headed ogre
  7031 | D:8      | Killed a two-headed ogre
  7031 | D:8      | Received a gift from Trog
  7771 | D:9      | Noticed a two-headed ogre
  7778 | D:9      | Killed a two-headed ogre
  7778 | D:9      | Reached skill level 15 in Maces & Flails
  7844 | D:9      | Found an opulent altar of Gozag.
  7860 | D:9      | You fall through a shaft for 2 floors!
  7887 | D:11     | Noticed a cyclops
  7902 | D:11     | Killed a cyclops
  8010 | D:10     | Entered Level 10 of the Dungeon
  8010 | D:10     | Found Soadic's Weapon Emporium.
  8010 | D:10     | Noticed Harold
  8065 | D:11     | Received a gift from Trog
  8373 | D:11     | Reached XP level 11. HP: 98/103 MP: 10/10
  8545 | D:11     | Reached skill level 16 in Maces & Flails
  8758 | D:10     | Killed Harold
  9473 | D:9      | Paralysed by a hornet for 2 turns
  9480 | D:9      | HP: 7/157 [poisoned by a hornet]
  9481 | D:9      | Slain by a yak

Skill      XL: |  1  2  3  4  5  6  7  8  9 10 11 |
---------------+----------------------------------+-----
Maces & Flails | 4 5 6 7 8 9 11 13 15 16 | 16.7
Fighting       | 4 5 6 7 8 10 12 | 12.7
Armour         | |  2.4
Dodging        | |  2.1

Action                   |  1- 3 |  4- 6 |  7- 9 | 10-12 || total
-------------------------+-------+-------+-------+-------++-------
Melee: Mace              |    80 |    71 |       |       ||   151
       Headbutt          |     8 |    17 |    72 |    68 ||   165
       Flail             |       |    67 |   324 |   172 ||   563
       Great mace        |       |       |       |    96 ||    96
Throw: Tomahawk          |       |       |     2 |       ||     2
Invok: Berserk           |     1 |     3 |     3 |     7 ||    14
       Burn Spellbooks   |       |       |     3 |       ||     3
Evoke: Wand              |       |       |     2 |       ||     2
  Use: Scroll            |       |       |    15 |     2 ||    17
       Potion            |       |       |       |     3 ||     3
  Eat: Chunk             |     2 |     9 |    14 |    12 ||    37
       Ration            |       |       |       |     1 ||     1
Armor: Animal skin       |    13 |       |       |       ||    13
       Leather armour    |    14 |       |       |       ||    14
       Ring mail         |       |    32 |       |       ||    32
       Ice dragon scales |       |    38 |    39 |       ||    77
       Plate armour      |       |       |   162 |   318 ||   480
Dodge: Dodged            |    65 |    85 |    84 |   134 ||   368
